 Dungeon Crawl Stone Soup version 0.25.1-2-g60ff931df9 (webtiles) character file.

Game seed: 4456897334129592260

23958 vladthelazy the Lord of Darkness (level 12, -2/111 HPs)
             Began as a Vampire Ice Elementalist on Nov 29, 2020.
             Was the Champion of Kikubaaqudgha.
             Shot with an arrow by a centaur warrior (13 damage)
             ... on level 15 of the Dungeon.
             The game lasted 03:10:44 (12210 turns).

vladthelazy the Lord of Darkness (VpIE)            Turns: 12210, Time: 03:10:45

Health: -2/111     AC: 26    Str:  7    XL:     12   Next: 76%
Magic:  3/16       EV:  2    Int: 22    God:    Kikubaaqudgha [******]
Gold:   672        SH:  0    Dex: 15    Spells: 2/17 levels left

rFire    + . .     SeeInvis +   (no weapon)
rCold    . . .     Gourm    .   (no shield)
rNeg     + + +     Faith    +   (armour currently unavailable)
rPois    +         Spirit   .   (helmet currently unavailable)
rElec    .         Reflect  .   (cloak currently unavailable)
rCorr    .         Harm     .   (gloves currently unavailable)
MR       +....     NoTele   +   (boots currently unavailable)
Stlth    ++........             m - amulet of faith
HPRegen  0.48/turn              G - ring of wizardry
MPRegen  0.15/turn              E - ring of the Mackerel {rF+ rN+}

@: tree-form (expiring), death channel, frozen ramparts, regenerating quickly
A: no food, see invisible
a: Exsanguinate, Receive Corpses, Torment, Renounce Religion


You were on level 15 of the Dungeon.
You worshipped Kikubaaqudgha.
Kikubaaqudgha was exalted by your worship.
You were alive.
You were a tree.
You visited 2 branches of the dungeon, and saw 14 of its levels.

You collected 796 gold pieces.
You spent 124 gold pieces at shops.

Inventory:

Hand Weapons
 C - a +3 dagger
Missiles
 e - 49 poisoned darts (quivered)
Armour
 a - a +0 robe
 s - a scarf of resistance (melded)
 L - +1 acid dragon scales (melded)
Jewellery
 b - an uncursed ring of protection from cold
 m - an amulet of faith (around neck)
 p - an uncursed ring of poison resistance
 r - an uncursed amulet of magic regeneration
 v - an uncursed ring of resist corrosion
 A - a cursed amulet of inaccuracy {unknown}
 D - an uncursed ring of protection from magic
 E - the ring of the Mackerel (right branch) {rF+ rN+}
   (You found it on level 13 of the Dungeon)

   [ring of positive energy]

   It protects you from fire.
   It protects you from negative energy.
 G - a ring of wizardry (left branch)
 I - an uncursed ring of protection from magic
 J - a +6 ring of intelligence
Wands
 l - a wand of clouds (2)
 q - a wand of paralysis (13)
 B - a wand of iceblast (9)
Scrolls
 d - 4 scrolls of magic mapping
 f - 2 scrolls of brand weapon
 g - 2 scrolls of identify
 k - 7 scrolls of remove curse
 o - 4 scrolls of enchant weapon
 t - a scroll of noise
 x - a scroll of immolation
 y - a scroll of holy word {unknown}
 H - a scroll of vulnerability {unknown}
 M - 2 scrolls of teleportation
 N - a scroll of enchant armour
 O - a scroll of fog
Potions
 c - a potion of mutation {unknown}
 h - 2 potions of curing {unknown}
 i - a potion of magic {unknown}
 j - a potion of heal wounds
 u - 2 potions of brilliance
 w - 2 potions of stabbing
 z - a potion of degeneration {unknown}
 K - a potion of might
Miscellaneous
 F - a phial of floods


   Skills:
 - Level 2.1 Dodging
 - Level 3.0 Stealth
 - Level 3.0 Spellcasting
 - Level 1.0 Charms
 + Level 18.9 Necromancy
 - Level 11.0 Ice Magic


You had 2 spell levels left.
You knew the following spells:

 Your Spells              Type           Power        Failure   Level  Hunger
a - Freeze                Ice            ####         1%          1    N/A
b - Frozen Ramparts       Ice            ######       1%          3    N/A
c - Ozocubu's Armour      Chrm/Ice       ####....     1%          3    N/A
d - Death Channel         Necr           ######....   1%          6    N/A
e - Sublimation of Blood  Necr           ######....   0%          2    N/A

Your spell library contained the following spells:

 Spells                   Type           Power        Failure   Level  Hunger
 Pain                     Necr           ####         0%          1    N/A
 Corpse Rot               Necr/Air       N/A          1%          2    N/A
 Corona                   Hex            #......      4%          1    N/A
 Slow                     Hex            #.......     8%          2    N/A
 Vampiric Draining        Necr           ######....   0%          3    N/A
 Animate Dead             Necr           N/A          1%          4    N/A
 Dispel Undead            Necr           ######..     1%          4    N/A
 Agony                    Necr           ######..     1%          5    N/A
 Excruciating Wounds      Chrm/Necr      #####.....   2%          5    N/A
 Hailstorm                Conj/Ice       ####....     5%          4    N/A
 Summon Ice Beast         Ice/Summ       ####....     5%          4    N/A
 Metabolic Englaciation   Hex/Ice        ####......   14%         5    N/A
 Infestation              Necr           ######....   14%         8    N/A
 Confusing Touch          Hex            #.......     16%         3    N/A
 Gell's Gravitas          Tloc           #.........   16%         3    N/A
 Inner Flame              Hex/Fire       #.......     16%         3    N/A
 Portal Projectile        Hex/Tloc       #.....       16%         3    N/A
 Cause Fear               Hex            #.........   43%         4    N/A
 Leda's Liquefaction      Hex/Erth       #.........   43%         4    N/A
 Petrify                  Tmut/Erth      #.......     43%         4    N/A
 Haunt                    Necr/Summ      #####.....   61%         7    N/A
 Bolt of Magma            Conj/Fire/Erth #.........   77%         5    N/A
 Silence                  Hex/Air        #.........   77%         5    N/A
 Yara's Violent Unravell  Hex/Tmut       #.........   77%         5    N/A
 Iron Shot                Conj/Erth      #.........   99%         6    N/A
 Statue Form              Tmut/Erth      #........    99%         6    N/A
 Discord                  Hex            #.........   100%        8    N/A
 Shatter                  Erth           #.........   100%        9    N/A
 Borgnjor's Revivificati  Necr           Unusable     N/A         8    N/A
 Death's Door             Chrm/Necr      Unusable     N/A         8    N/A
 Necromutation            Tmut/Necr      Unusable     N/A         8    N/A

Dungeon Overview and Level Annotations

Branches:
Dungeon (15/15)            Temple (1/1) D:7          Vaults (0/5) D:14
   Lair: D:8-11         Orc: D:9-12      Depths: D:15

Altars:
Ashenzari
Dithmenos
Fedhas
Gozag
Hepliaklqana
Kikubaaqudgha
Makhleb
Nemelex Xobeh
Okawaru
Ru
Trog
The Shining One

Shops:
D:5 [[:(   D:8 [   D:9 *

Portals:
Trove: D:10 (show slimy rune of Zot)

Annotations:
D:5 2 transporters
D:10 exclusion: 2 oklob plants


Innate Abilities, Weirdness & Mutations

You do not eat.
Your natural rate of healing is unusually fast.
((You have razor-sharp teeth.))
You have supernaturally acute eyesight. (SInv)
((You can survive without breathing.))


Message History

The centaur warrior shoots an arrow.
The arrow hits you.
* * * LOW HITPOINT WARNING * * *
The centaur warrior shoots an arrow.
The arrow hits you but does no damage.
You cannot teleport because you are held in place by your roots.
You feel yourself speed up.
The centaur warrior shoots an arrow.
The arrow hits you!
* * * LOW HITPOINT WARNING * * *
The centaur warrior shoots an arrow.
The arrow hits you!
* * * LOW HITPOINT WARNING * * *
You hear two shouts!
The centaur warrior shoots an arrow.
The arrow hits you but does no damage.
An ogre mage comes into view. It is wielding a +0 flail.
You cannot move.
The centaur warrior shoots an arrow.
The arrow completely misses you.
You cannot move.
The centaur warrior shoots an arrow.
The arrow hits you.
* * * LOW HITPOINT WARNING * * *
The centaur warrior shoots an arrow.
The arrow hits you!
You die...
Kikubaaqudgha rasps: "You have failed me!
Welcome... death!"

######### #....^..#
#.##.##.##
#.#....(.#
#W###..###
#.#......# #####
#.##.##W## #)♣.##
#.#......#
#)###.#####.#.####.#
#c ##....W.#......#
oo #.(....##.##.##
## #.######......#
#.## ###..### ..#
#......# ..#
###.##.## #.Zc
#.#.#..##


You could see a centaur warrior and 2 orcs.

Vanquished Creatures
  Snorg (D:10)
  An ogre mage (D:15)
  5 two-headed ogres
  A centaur warrior (D:15)
  Urug (D:10)
  An unseen horror (D:13)
  A necromancer (D:14)
  A nameless horror (D:5)
  2 centaur zombies (D:13)
  A gargoyle (D:14)
  2 kobold demonologists
  A komodo dragon (D:14)
  4 trolls
  A hippogriff (D:9)
  A wraith (D:15)
  2 basilisks (D:15)
  7 yaks
  8 humans (D:14)
  A water moccasin (D:7)
  Duvessa (D:5)
  An acid dragon (D:14)
  4 orc warriors
  A sky beast (D:13)
  4 ogres
  3 centaurs
  10 big kobolds
  5 bullfrogs
  Dowan (D:5)
  4 scorpions
  2 killer bees (D:13)
  A wight (D:7)
  4 crimson imps
  A bullfrog zombie (D:5)
  6 hounds
  2 jellies (D:6)
  A quasit (D:9)
  2 orc priests
  A gnoll shaman (D:6)
  An iguana (D:8)
  2 orc wizards (D:6)
  6 worker ants
  A hound skeleton (D:6)
  A worker ant zombie (D:5)
  5 adders
  3 gnolls (D:6)
  2 oozes
  3 worms
  A dart slug (D:1)
  3 leopard geckos
  15 orcs
  2 giant cockroaches
  9 goblins
  6 hobgoblins
  11 jackals
  4 quokkas
  A ball python (D:3)
  11 bats
  9 frilled lizards
  2 giant cockroach zombies (D:5)
  24 kobolds
  11 rats
229 creatures vanquished.

Vanquished Creatures (collateral kills)
  A vault guard (D:14)
  5 two-headed ogres
  A catoblepas (D:13)
  An ogre mage (D:15)
  Pikel (D:9)
  A wizard (D:14)
  2 ugly things (D:13)
  A manticore (D:14)
  A centaur zombie (D:15)
  Maggie (D:9)
  A yaktaur (D:14)
  A hornet (D:13)
  2 shadows
  14 yaks
  A basilisk (D:13)
  10 humans (D:14)
  2 orc warriors (D:14)
  8 ice beasts (D:13)
  3 ogres
  A phantom (D:8)
  4 centaurs
  3 bullfrogs
  A killer bee (D:13)
  2 wights (D:7)
  2 crimson imps
  A quasit (D:9)
  2 bullfrog zombies
  A jelly (D:14)
  4 centaur skeletons
  A worker ant zombie (D:7)
  A shadow imp (D:15)
  An adder skeleton (D:8)
  2 adder zombies (D:9)
  6 orcs
  3 kobolds (D:9)
  2 jackal zombies
94 creatures vanquished.

Vanquished Creatures (others)
  A slave (D:9)
1 creature vanquished.

Grand Total: 324 creatures vanquished

Notes
Turn   | Place    | Note
-------+----------+-------------------------------------------
     0 | D:1      | vladthelazy the Vampire Ice Elementalist began the quest
                  | for the Orb.
     0 | D:1      | Reached XP level 1. HP: 13/13 MP: 3/3
   296 | D:1      | Reached XP level 2. HP: 14/19 MP: 1/5
   822 | D:2      | Reached XP level 3. HP: 20/24 MP: 2/7
  1053 | D:4      | You are sucked into a shaft and drop 1 floor!
  1053 | D:5      | Entered Level 5 of the Dungeon
  1054 | D:5      | Noticed Duvessa
  1054 | D:5      | Noticed Dowan
  1058 | D:5      | Found Cis Avom's Antique Armour Shop.
  1071 | D:5      | Found a glowing golden altar of the Shining One.
  1071 | D:5      | Noticed an ogre
  1227 | D:5      | Found Yczyi's Armour Boutique.
  1268 | D:5      | Found a transporter.
  1289 | D:5      | Found Quasiok's Book Shop.
  1302 | D:5      | Found Sifauv's Antique Weapon Boutique.
  1368 | D:6      | Found an iron altar of Okawaru.
  1417 | D:6      | Noticed a bullfrog
  1476 | D:6      | Noticed an orc warrior
  1496 | D:7      | Found a staircase to the Ecumenical Temple.
  1498 | D:7      | Noticed a centaur
  1505 | Temple   | Entered the Ecumenical Temple
  1522 | Temple   | Became a worshipper of Kikubaaqudgha
  1866 | D:2      | Learned a level 3 spell: Frozen Ramparts
  2312 | D:2      | Reached XP level 4. HP: 27/27 MP: 3/8
  2318 | D:2      | Reached skill level 5 in Ice Magic
  2324 | D:2      | Learned a level 3 spell: Ozocubu's Armour
  2484 | D:2      | Found a sparkling altar of Nemelex Xobeh.
  2670 | D:3      | Reached * piety under Kikubaaqudgha
  2670 | D:3      | Identified Kikubaaqudgha's Grimoire of Evil Rituals
                  | (Kikubaaqudgha gifted it to you on level 3 of the Dungeon)
  2670 | D:3      | Received a gift from Kikubaaqudgha
  2748 | D:3      | Reached skill level 1 in Charms
  2925 | D:3      | Found a shadowy altar of Dithmenos.
  3123 | D:4      | Noticed a necrophage
  3287 | D:4      | Reached XP level 5. HP: 31/31 MP: 6/9
  3628 | D:5      | Found a transporter.
  3669 | D:5      | Reached XP level 6. HP: 36/36 MP: 5/10
  3675 | D:5      | Learned a level 4 spell: Summon Ice Beast
  3721 | D:5      | Found an opulent altar of Gozag.
  3822 | D:5      | Noticed a nameless horror
  3862 | D:5      | Killed Dowan
  3990 | D:6      | Reached XP level 7. HP: 46/46 MP: 3/11
  4251 | D:6      | Reached ** piety under Kikubaaqudgha
  4997 | D:5      | Killed a nameless horror
  4998 | D:5      | Killed Duvessa
  4998 | D:5      | Reached XP level 8. HP: 31/52 MP: 4/12
  5333 | D:7      | Reached skill level 10 in Ice Magic
  5857 | D:7      | Reached skill level 1 in Necromancy
  6011 | D:8      | Noticed a slime creature
  6012 | D:8      | Noticed a slime creature
  6013 | D:8      | Noticed a slime creature
  6103 | D:8      | Reached skill level 2 in Necromancy
  6191 | D:8      | Found a burning altar of Makhleb.
  6191 | D:8      | Noticed a cacodemon
  6214 | D:8      | Reached *** piety under Kikubaaqudgha
  6214 | D:8      | Identified Kikubaaqudgha's Compendium of Black Rituals
                  | (Kikubaaqudgha gifted it to you on level 8 of the Dungeon)
  6214 | D:8      | Received a gift from Kikubaaqudgha
  6239 | D:8      | Reached skill level 3 in Necromancy
  6252 | D:8      | Noticed a kobold demonologist
  6253 | D:8      | Found Terog's Armour Emporium.
  6260 | D:8      | Reached skill level 4 in Necromancy
  6263 | D:8      | Killed a kobold demonologist
  6263 | D:8      | Reached skill level 5 in Necromancy
  6263 | D:8      | Reached XP level 9. HP: 32/57 MP: 2/13
  6266 | D:8      | Reached skill level 6 in Necromancy
  6736 | D:8      | Reached skill level 7 in Necromancy
  7101 | D:7      | Learned a level 2 spell: Sublimation of Blood
  7640 | D:7      | Reached **** piety under Kikubaaqudgha
  7656 | D:7      | Reached skill level 8 in Necromancy
  7664 | D:7      | Noticed a troll
  7674 | D:7      | Killed a troll
  8200 | D:9      | Found a burning altar of Makhleb.
  8202 | D:9      | Found a sparkling altar of Nemelex Xobeh.
  8273 | D:9      | Noticed Maggie
  8306 | D:9      | Found a hazy altar of Hepliaklqana.
  8315 | D:9      | Reached skill level 9 in Necromancy
  8538 | D:9      | Found Qaagoh's Assorted Antiques.
  8549 | D:9      | Bought a scroll labeled ONETEL ZUTAOM for 31 gold pieces
  8549 | D:9      | Bought a scroll of identify for 62 gold pieces
  8549 | D:9      | Bought a scroll labeled ASTYUCAILE for 31 gold pieces
  8668 | D:9      | Noticed Pikel
  8681 | D:9      | Killed Maggie
  8688 | D:9      | Killed Pikel
  8688 | D:9      | Reached skill level 10 in Necromancy
  9028 | D:10     | Entered Level 10 of the Dungeon
  9054 | D:10     | Noticed Urug
  9054 | D:10     | Noticed a two-headed ogre
  9070 | D:10     | Killed a two-headed ogre
  9070 | D:10     | Reached skill level 11 in Necromancy
  9070 | D:10     | Reached XP level 10. HP: 40/63 MP: 0/14
  9072 | D:10     | Killed Urug
  9103 | D:10     | Noticed Snorg
  9121 | D:10     | Killed Snorg
  9121 | D:10     | Reached skill level 12 in Necromancy
  9237 | D:10     | Found a blossoming altar of Fedhas.
  9239 | D:10     | Noticed an oklob plant
  9239 | D:10     | Noticed an oklob plant
  9281 | D:10     | Found a portal to a secret trove of treasure.
  9283 | D:10     | You fall into a shaft and drop 3 floors!
  9284 | D:13     | Noticed an unseen horror
  9284 | D:13     | Noticed a white ugly thing
  9284 | D:13     | Noticed a two-headed ogre
  9298 | D:13     | Killed an unseen horror
  9309 | D:13     | Killed a two-headed ogre
  9309 | D:13     | Reached skill level 13 in Necromancy
  9389 | D:13     | Reached XP level 11. HP: 35/68 MP: 0/15
  9472 | D:13     | Noticed a two-headed ogre
  9507 | D:13     | Killed a white ugly thing
  9507 | D:13     | Reached skill level 14 in Necromancy
  9604 | D:13     | Killed a two-headed ogre
  9745 | D:13     | Reached ***** piety under Kikubaaqudgha
  9768 | D:13     | Noticed a green ugly thing
  9782 | D:13     | Killed a red ugly thing
  9946 | D:13     | Found a frozen archway.
  9946 | D:13     | Reached skill level 15 in Necromancy
 10047 | D:13     | Learned a level 6 spell: Death Channel
 10234 | D:13     | Noticed a two-headed ogre
 10238 | D:13     | Noticed a catoblepas
 10250 | D:13     | Killed a two-headed ogre
 10264 | D:13     | Killed a catoblepas
 10502 | D:13     | Got a clouded amber ring
 10504 | D:13     | Identified the ring of the Mackerel {rF+ rN+} (You found it
                  | on level 13 of the Dungeon)
 10582 | D:14     | Reached skill level 16 in Necromancy
 10882 | D:14     | Noticed a wizard
 10889 | D:14     | Killed a wizard
 10893 | D:14     | Reached XP level 12. HP: 33/74 MP: 4/16
 10949 | D:14     | Found a gate to the Vaults.
 10949 | D:14     | Noticed a vault guard
 10957 | D:14     | Reached skill level 17 in Necromancy
 10976 | D:14     | Killed a vault guard
 11109 | D:14     | Found a shattered altar of Ashenzari.
 11450 | D:15     | Entered Level 15 of the Dungeon
 11525 | D:15     | Reached ****** piety under Kikubaaqudgha
 11527 | D:15     | Received a gift from Kikubaaqudgha
 11674 | D:15     | Noticed a two-headed ogre
 11675 | D:15     | Noticed a two-headed ogre
 11686 | D:15     | Killed a two-headed ogre
 11690 | D:15     | Killed a two-headed ogre
 11697 | D:15     | Noticed a two-headed ogre
 11706 | D:15     | Noticed a two-headed ogre
 11708 | D:15     | Noticed an ogre mage
 11710 | D:15     | Noticed a two-headed ogre
 11711 | D:15     | Killed a two-headed ogre
 11711 | D:15     | Reached skill level 18 in Necromancy
 11717 | D:15     | Killed an ogre mage
 11717 | D:15     | Killed a two-headed ogre
 11721 | D:15     | Killed a two-headed ogre
 11853 | D:15     | Noticed a centaur warrior
 11862 | D:15     | Killed a centaur warrior
 12182 | D:15     | Noticed a centaur warrior
 12186 | D:15     | Noticed a two-headed ogre
 12194 | D:15     | Killed a two-headed ogre
 12195 | D:15     | Noticed a two-headed ogre
 12198 | D:15     | Noticed an ogre mage
 12201 | D:15     | Noticed a two-headed ogre
 12202 | D:15     | Killed an ogre mage
 12209 | D:15     | Noticed an ogre mage
 12210 | D:15     | Shot with an arrow by a centaur warrior

Illustrated notes

Levels and vault maps discovered:
D:1:      dpeg_arrival_erosion, layout_rooms
D:2:      layout_basic, serial_glass, glass_columns_c, glass_columns_b,
          hangedman_decor_riveting, nemelex_dance_club_becter
D:3:      layout_rooms, grunt_dithmenos_smoke, first_ration, minmay_cupped
D:4:      layout_cave_pools
D:5:      gammafunk_cloud_chamber, layout_basic, tso_metal_star,
          grunt_gozag_breadcrumbs, serial_shops, shop, shop, shop, shop,
          uniq_duvessa
D:6:      layout_cave_pods, minmay_misc_feat_columns,
          kennysheep_okawaru_gauntlet
D:7:      layout_layer_cave, minmay_temple_entry_grid, dk_vineyard_2,
          minmay_misc_feat_x, grunt_ogre_cave
D:8:      layout_loops_ring, serial_shops, nicolae_shop_crystal, special_room
          [special_room_kobold], makhleb_altar_promises_db
D:9:      layout_big_octagon, lemuel_doored_altar,
          gammafunk_temple_overflow_pools, serial_shops, shop, uniq_maggie,
          uniq_pikel
D:10:     layout_small_grid, david_lair_shrubbed, enter_trove_2,
          hangedman_tree_tricks, minmay_shattered_shrine, uniq_urug, uniq_snorg
D:13:     layout_basic, portal_ice_cave_entry_ice_beasts, minivault_10
D:14:     layout_roguey, grunt_vaults_entry_tiered, old_standard_altar
D:15:     hangedman_depths_entry_try_elsewhere_first, layout_loops_ring,
          serial_bayou_pond_e, minmay_misc_feat_alley
Temple:   nicolae_temple_elliptical

Skill      XL: |  1  2  3  4  5  6  7  8  9 10 11 12 |
---------------+-------------------------------------+-----
Spellcasting   | 3 |  3.0
Ice Magic      | 5 6 8 9 11 | 11.0
Charms         | 1 |  1.0
Necromancy     | 5 11 13 16 18 | 18.9
Dodging        | |  2.1
Stealth        | |  3.0

Action                   |  1- 3 |  4- 6 |  7- 9 | 10-12 || total
-------------------------+-------+-------+-------+-------++-------
Melee: Unarmed           |    12 |     5 |    10 |    16 ||    43
       Bite              |     1 |     1 |     2 |     3 ||     7
       Dagger            |       |       |       |    29 ||    29
 Cast: Freeze            |    48 |    39 |    70 |    51 ||   208
       Frozen Ramparts   |     5 |    10 |    40 |    42 ||    97
       Ozocubu's Armour  |       |     2 |    16 |     7 ||    25
       Summon Ice Beast  |       |       |    43 |    30 ||    73
       Sublimation of Bl |       |       |    12 |    16 ||    28
       Death Channel     |       |       |       |    14 ||    14
Invok: Receive Corpses   |       |       |       |     2 ||     2
       Receive Necronomi |       |       |       |     1 ||     1
 Abil: End Transformatio |     1 |       |       |       ||     1
       Bat Form          |     1 |       |       |       ||     1
       Exsanguinate      |     1 |       |       |       ||     1
       Revivify          |     1 |       |       |       ||     1
Evoke: Wand              |       |    19 |     9 |     2 ||    30
  Use: Scroll            |       |     5 |    12 |     7 ||    24
       Potion            |       |       |     1 |    11 ||    12
 Stab: Sleeping          |     1 |       |       |     1 ||     2
       Distracted        |       |       |       |     2 ||     2
Armor: Robe              |     9 |    15 |    33 |    14 ||    71
       Skin              |       |       |       |    83 ||    83
       Acid dragon scale |       |       |       |    14 ||    14
Dodge: Dodged            |    55 |    47 |   111 |    79 ||   292
